cohdb
Replays
Latest Replays
All Replays
Popular Replays
Top Player Replays
Match Explorer
How It Works
Community
CoH3 Stats
Reddit
Sign in to upload your games and track your stats! →
Sign in with Steam
Match 45586496
Unlisted
Match 45586496
Overview
Messages
Build Orders
End
Construct Infanterie Kompanie
Kettenkrad Recon Vehicle
Selects Italian Coastal Battlegroup
Selects Coastal Reserves
MG 42 Machine Gun Team
Coastal Reserve
Coastal Reserve
Construct Luftwaffe Kompanie
Medical Station
221 Scout Car
Selects Artillery Officer
Jäger Squad
Support Elements
Jäger Squad
Medical Bunker
Marder III M Tank Destroyer
Selects Coastal Wall
Selects Support Bunkers
Marder III M Tank Destroyer
Luftwaffe Officer Quarters
Artillery Officer
MG 42 Bunker
Selects Rapid Fortifications
Rapid Fortifications
Anti-tank Bunker
tublie
Power Sex
St4RgAz3R*
VlaDiVerSky
duyhung2811
Caffein ☕
Talay
CPU - VERY EASY
0
0
Comments
sign in to comment!
No comments posted yet!